 Dungeon Crawl Stone Soup version 0.24-a0-280-g7cec4da (webtiles) character file.

Game seed: 214479996317261513

5 CanOfBees the Caller (level 1, -1/11 HPs)
             Began as a Tengu Summoner on May 15, 2019.
             Slain by a hobgoblin
             ... wielding a +0 club
              (6 damage)
             ... on level 1 of the Dungeon.
             The game lasted 00:01:47 (1144 turns).

CanOfBees the Caller (Tengu Summoner)               Turns: 1144, Time: 00:01:48

Health: -1/11      AC:  3    Str:  8    XL:     1   Next: 80%
Magic:  1/4        EV: 13    Int: 15    God:
Gold:   51         SH:  0    Dex: 14    Spells: 3/4 levels left

rFire    . . .     SeeInvis .   (no weapon)
rCold    . . .     Gourm    .   (no shield)
rNeg     . . .     Faith    .   a - +0 robe
rPois    .         Spirit   .   (helmet restricted)
rElec    .         Reflect  .   (no cloak)
rCorr    .         Harm     .   h - +0 pair of gloves
MR       .....                  (boots unavailable)
Stlth    ++........             (no amulet)
HPRegen  0.03/turn              (no ring)
MPRegen  0.09/turn              (no ring)

@: no status effects
A: beak, talons 3
a: no special abilities


You were on level 1 of the Dungeon.
You were hungry.

You visited 1 branch of the dungeon, and saw 1 of its levels.

You collected 51 gold pieces.

Inventory:

Armour
 a - a +0 robe (worn)
 h - a +0 pair of gloves (worn)
Scrolls
 b - a scroll of teleportation {unknown}
 d - a scroll of identify {unknown}
Potions
 e - a potion of invisibility {unknown}
 g - a potion of lignification {unknown}
Comestibles
 c - 2 rations


   Skills:
 + Level 0.3 Fighting
 + Level 2.3 Dodging
 - Level 2.0 Stealth
 + Level 2.1 Spellcasting
 + Level 4.9 Summonings


You had 3 spell levels left.
You knew the following spells:

 Your Spells              Type           Power        Failure   Level  Hunger
a - Summon Small Mammal   Summ           ###.         3%          1    #......

Your spell library contained the following spells:

 Spells                   Type           Power        Failure   Level  Hunger
 Call Imp                 Summ           ###.....     4%          2    ###....
 Call Canine Familiar     Summ           ###.....     9%          3    ###....
 Summon Guardian Golem    Hex/Summ       #.......     24%         3    ###....
 Summon Ice Beast         Ice/Summ       #.......     61%         4    #####..
 Summon Lightning Spire   Summ/Air       #.......     61%         4    #####..


Dungeon Overview and Level Annotations

Branches:
Dungeon (1/15)

Altars:


Innate Abilities, Weirdness & Mutations

You have a beak for a mouth.
You have claws for feet.


Message History

You now have 51 gold pieces (gained 10).
You open the door.
A hobgoblin comes into view. It is wielding a +0 club.
A dart slug comes into view.
The hobgoblin shouts!
There is an open door here.
The hobgoblin hits you with a +0 club. The hobgoblin misses you.
The dart slug barely misses you.
There is an open door here.
Casting: Summon Small Mammal (safe; 3% risk of failure)
Confirm with . or Enter, or press ? or * to list all spells.
The hobgoblin barely misses you.
Casting: Summon Small Mammal (safe; 3% risk of failure)
Confirm with . or Enter, or press ? or * to list all spells.
The hobgoblin hits you with a +0 club.
Casting: Summon Small Mammal (safe; 3% risk of failure)
Confirm with . or Enter, or press ? or * to list all spells.
The hobgoblin hits you with a +0 club.
Ouch! That really hurt!
You die...

.................>..
#######.####.#######
#.# #.....####
#######'####........#
#..........#........#
#..........#........#
#..........#......r.#
...........#..r.b...#
...........#####@####
..#####.#### #g# #.#
#.# ####w####
#+#####.# #.......#
......#.# #.......+
......#.# #.......#
......#.### #.......#
..........# #########
..........#


You could see a dart slug, a hobgoblin, 2 friendly quokkas and a friendly bat.

Vanquished Creatures
  A leopard gecko (D:1)
  A bat (D:1)
  A giant cockroach (D:1)
3 creatures vanquished.

Vanquished Creatures (collateral kills)
  A bat (D:1)
1 creature vanquished.

Grand Total: 4 creatures vanquished

Notes
Turn   | Place    | Note
-------+----------+-------------------------------------------
     0 | D:1      | CanOfBees the Tengu Summoner began the quest for the Orb.
     0 | D:1      | Reached XP level 1. HP: 10/10 MP: 4/4
  1144 | D:1      | Slain by a hobgoblin

Levels and vault maps discovered:
D:1:      shiori_shiawase, layout_basic, grunt_decor_cap

Action                   || total
-------------------------++-------
Melee: Dagger            ||    10
       Unarmed           ||     9
       Kick              ||     3
       Peck              ||     2
 Cast: Summon Small Mamm ||     6
  Use: Scroll            ||     1
 Stab: Sleeping          ||     2
Armor: Robe              ||     9
Dodge: Dodged            ||    21

Table legend:
 A = Non-vault XP
 B = Vault XP
 C = Vault XP percentage of total XP
 D = Non-vault monster count
 E = Vault monster count
 F = Vault count percentage of total count
                 A         B        C        D         E       F
            +---------+---------+-------+---------+---------+-------
      Total |       8 |       0 |   0.0 |       4 |       0 |   0.0
            +---------+---------+-------+---------+---------+-------
        D:1 |       8 |       0 |   0.0 |       4 |       0 |   0.0
            +---------+---------+-------+---------+---------+-------
